Map: Ulrena

Players

Fropez

  • Race: Protoss Protoss
  • League: Silver
  • Spawn Location: 7:00

DEASTROY - Winner!

  • Race: Protoss Protoss
  • League: Silver
  • Spawn Location: 11:00

VOD

Have the link to the VOD?

Description

Time

  • Played on: May 11, 2016, 7:31 p.m.
  • Length: 7:24
Show
View Real Time Build Order
Export as new Build Order

Fropez Protoss 

Build Orders:  

Get SALT Encoding   

  12  0:01  Probe (Chrono Boost)  
  13  0:17  Pylon  
  13  0:20  Probe (Chrono Boost)  
  14  0:42  Probe (Chrono Boost)  
  15  0:47  Pylon  
  15  0:49  Gateway  
  15  0:52  Probe (Chrono Boost)  
  16  1:01  Assimilator  
  16  1:03  Probe (Chrono Boost)  
  17  1:12  Pylon  
  17  1:13  Probe (Chrono Boost)  
  18  1:22  Assimilator  
  18  1:24  Probe (Chrono Boost)  
  19  1:34  Probe (Chrono Boost)  
  20  1:46  Cybernetics Core  
  20  1:50  Gateway  
  21  1:54  Probe (Chrono Boost)  
  21  2:09  Probe (Chrono Boost)  
  22  2:23  Mothership Core (Chrono Boost)  
  22  2:24  Warp Gate  
  22  2:29  Adept  
  26  2:37  Pylon  
  26  2:38  Adept  
  26  2:43  Probe (Chrono Boost)  
  29  2:53  Probe (Chrono Boost)  
  30  3:01  Pylon  
  30  3:04  Probe (Chrono Boost)  
  31  3:15  Probe (Chrono Boost)  
  32  3:26  Gateway x2  
  32  3:58  Probe (Chrono Boost)  
  33  4:09  Probe (Chrono Boost)  
  34  4:23  Probe (Chrono Boost)  
  31  4:33  Probe (Chrono Boost)  
  31  4:36  Forge  
  32  4:48  Nexus  
  32  4:50  Pylon  
  32  4:52  Pylon  
  32  4:58  Probe (Chrono Boost)  
  33  5:08  Pylon  
  33  5:12  Protoss Ground Weapons Level 1 (Chrono Boost)  
  33  5:16  Adept  
  33  5:17  Adept x3  
  41  5:43  Probe  
  42  5:53  Adept x2  
  42  5:54  Adept x2  
  42  5:55  Probe  
  49  6:17  Adept x4  
  53  6:31  Probe x2  
  53  6:32  Pylon, Robotics Facility  
  50  6:37  Assimilator  
  50  6:39  Assimilator  
  51  6:48  Nexus  
  51  6:52  Assimilator  
  51  6:53  Adept  
  53  6:55  Assimilator  
  53  6:57  Adept  
  55  7:11  Twilight Council  
Show
View Real Time Build Order
Export as new Build Order

DEASTROY Protoss - Winner!

Build Orders:  

Get SALT Encoding   

  12  0:01  Probe (Chrono Boost)  
  13  0:11  Probe (Chrono Boost)  
  14  0:22  Pylon, Probe (Chrono Boost)  
  15  0:40  Probe (Chrono Boost)  
  15  0:41  Gateway  
  16  0:51  Probe (Chrono Boost)  
  16  0:52  Assimilator  
  17  1:01  Probe (Chrono Boost)  
  18  1:06  Gateway  
  18  1:12  Probe (Chrono Boost)  
  19  1:23  Probe (Chrono Boost)  
  20  1:28  Cybernetics Core  
  20  1:33  Probe (Chrono Boost)  
  20  1:35  Pylon  
  21  1:44  Probe (Chrono Boost)  
  21  1:45  Assimilator  
  22  1:54  Probe (Chrono Boost)  
  23  2:05  Probe (Chrono Boost)  
  24  2:16  Probe (Chrono Boost)  
  25  2:27  Probe (Chrono Boost)  
  25  2:28  Warp Gate (Chrono Boost)  
  26  2:35  Nexus  
  26  2:39  Mothership Core  
  26  2:41  Pylon  
  28  2:48  Stalker  
  30  2:59  Stalker  
  32  3:21  Robotics Facility  
  32  3:24  Gateway  
  32  3:38  Stalker x2  
  36  3:56  Probe  
  37  4:04  Forge  
  37  4:08  Probe, Stalker  
  40  4:20  Probe  
  40  4:25  Stalker x2  
  40  4:29  Immortal (Chrono Boost)  
  47  4:32  Probe  
  48  4:46  Probe  
  48  4:47  Probe  
  50  4:57  Probe  
  52  5:00  Probe  
  52  5:07  Probe  
  52  5:08  Assimilator  
  52  5:12  Probe  
  52  5:13  Pylon  
  54  5:28  Pylon  
  54  5:29  Probe  
  54  5:30  Pylon  
  54  5:31  Probe  
  56  5:38  Assimilator  
  56  5:40  Probe  
  57  5:43  Probe  
  58  5:50  Probe  
  58  5:55  Probe, Stalker x3  
  66  6:01  Probe  
  67  6:04  Gateway  
  67  6:07  Probe  
  68  6:12  Probe  
  69  6:19  Probe, Stalker x3  
  69  6:22  Probe  
  77  6:31  Probe  
  78  6:38  Pylon  
  78  6:55  Probe  
  78  6:56  Probe  
  78  6:57  Twilight Council  
  84  7:05  Probe  
  85  7:09  Probe  
Tags
 
Matchup
PvP
Replay Pack
All Mines
Spawn Locations
Close Positions
Add a new tag
Caveats
  • Supply blocks, unpowered buildings, or Contaminate may cause inaccurate times.
  • Supply counts are checked every 10 seconds.